 Dungeon Crawl Stone Soup version 0.30-a0-782-ge64f9170bb (webtiles) character file.

Game seed: 6096735588324269371

545 funkygono the Chopper (level 7, -5/61 HPs)
             Began as a Minotaur Fighter on Mar 16, 2023.
             Was a Follower of Okawaru.
             Slain by Duvessa
             ... wielding a +0 short sword
              (9 damage)
             ... on level 5 of the Dungeon.
             The game lasted 00:04:27 (3204 turns).

funkygono the Chopper (Minotaur Fighter)            Turns: 3204, Time: 00:04:28

Health: -5/61      AC: 12    Str: 23    XL:     7   Next: 6%
Magic:  6/6        EV:  8    Int:  5    God:    Okawaru [*.....]
Gold:   200        SH:  4    Dex:  9    Spells: 6/6 levels left

rFire   + + .      SeeInvis .    a - +1 war axe
rCold   . . .      Faith    .    c - +0 buckler
rNeg    . . .      Spirit   .    s - +0 chain mail {rF+}
rPois   +          Reflect  .    (helmet restricted)
rElec   .          Harm     .    (no cloak)
rCorr   .          Rampage  .    k - +1 pair of gloves
Will    .....                    (no boots) Stlth
                                 (no amulet)
HPRegen 0.30/turn                f - ring of protection from fire
MPRegen 0.10/turn                g - ring of poison resistance

@: lit by a corona, glowing
A: horns 2, retaliatory headbutt
a: Renounce Religion, Heroism


You were on level 5 of the Dungeon.
You worshipped Okawaru.
Okawaru was aware of your devotion.
You visited 1 branch of the dungeon, and saw 5 of its levels.

You collected 200 gold pieces.

Inventory:

Hand Weapons
 a - a +1 war axe (weapon)
Missiles
 e - 5 javelins (quivered)
Armour
 c - a +0 buckler (worn)
 k - a +1 pair of gloves (worn)
 s - a +0 chain mail of fire resistance (worn)
Jewellery
 f - a ring of protection from fire (left hand)
 g - a ring of poison resistance (right hand)
 t - a +6 ring of intelligence
Wands
 j - a wand of polymorph (9)
Scrolls
 b - a scroll of enchant armour
 h - 4 scrolls of teleportation
 i - 6 scrolls of identify
 l - a scroll of brand weapon {unknown}
 p - a scroll of poison
Potions
 d - a potion of might
 m - 5 potions of curing
 n - a potion of brilliance
 o - 2 potions of ambrosia
 q - a potion of flight
 r - a potion of heal wounds {unknown}


   Skills:
 + Level 5.0 Fighting
 + Level 6.2 Axes
 + Level 5.9 Armour
 + Level 1.0 Dodging
 + Level 0.2 Stealth
 + Level 4.7 Shields


You had 6 spell levels left.
You didn't know any spells.
Your spell library contained the following spells:

 Spells                   Type           Power      Damage    Failure   Level
 Necrotise                Necr           0%         1d4       99%         1
 Sublimation of Blood     Necr           0%         N/A       100%        2
 Wereblood                Tmut           0%         N/A       100%        2
 Vampiric Draining        Necr           0%         2d6       100%        3
 Agony                    Necr           0%         N/A       100%        5
 Summon Hydra             Summ           Unusable   N/A       N/A         7

Dungeon Overview and Level Annotations

Branches:
Dungeon (5/15)
 Temple: D:4-7

Altars:
Dithmenos
Hepliaklqana
Okawaru

Annotations:
D:5 Duvessa


Innate Abilities, Weirdness & Mutations

You have a pair of horns on your head.
You reflexively headbutt those who attack you in melee.


Message History

The ufetubus hits you but does no damage.
Duvessa hits you but does no damage. The hound bites you.
The ufetubus hits you but does no damage.
You block the ufetubus's attack. The orc closely misses you.
The orc wizard hits you with a +0 dagger.
* * * LOW HITPOINT WARNING * * *
The orc wizard attacks as you move away!
The orc wizard hits you but does no damage.
Duvessa hits you but does no damage. The hound bites you but does no damage.
The ufetubus hits you but does no damage.
The ufetubus hits you.
* * * LOW HITPOINT WARNING * * *
The orc hits you but does no damage. You block Duvessa's attack.
The hound closely misses you.
You slash Duvessa!
Duvessa is moderately wounded.
You miss the orc wizard. You barely miss the orc. You closely miss the hound.
You barely miss the ufetubus. The ufetubus closely misses you.
You furiously retaliate!
You headbutt the ufetubus, but do no damage.
The ufetubus hits you.
* * * LOW HITPOINT WARNING * * *
Duvessa hits you with a +0 short sword.
* * * LOW HITPOINT WARNING * * *
The hound bites you but does no damage. You block the ufetubus's attack.
The ufetubus hits you but does no damage.
The orc wizard casts a spell at you. The puff of flame hits you. You resist.
* * * LOW HITPOINT WARNING * * *
The orc closely misses you.
You feel better. Duvessa hits you with a +0 short sword!
* * * LOW HITPOINT WARNING * * *
The hound bites you but does no damage. The ufetubus hits you.
* * * LOW HITPOINT WARNING * * *
You block the ufetubus's attack. The orc wizard barely misses you.
The orc closely misses you. You furiously retaliate!
You headbutt the orc!
You kill the orc!
Okawaru accepts your kill. Duvessa hits you with a +0 short sword!
You die...

...##...... #...#.....#
... #.... #...##..#.#
.... ..... #....#.##.#
....###..... ........#.##
#..........# ...........#
#....o...... ..........##
#.##.o...#..
.#...##....###..h5o......
.#........<.....@oo.#
................e).##
...............##..##
....#.................
..###........#.....#.#.
..##.......#.#!....###
#..........###.....#
....##......#........
.....#........#..####.


You could see Duvessa (berserk), a hound, 2 orc wizards, 3 orcs and an ufetubus.

Vanquished Creatures
  An ice beast (D:5)
  A phantom (D:5)
  Dowan (D:5)
  A howler monkey (D:5)
  2 hounds (D:4)
  An orc priest (D:5)
  2 jellies (D:5)
  An iguana (D:4)
  4 gnolls
  An adder (D:2)
  An ufetubus (D:4)
  3 dart slugs
  5 orcs
  An endoplasm (D:1)
  3 giant cockroaches
  7 goblins
  3 hobgoblins
  9 quokkas
  7 ball pythons
  4 bats
  4 frilled lizards
  4 kobolds (D:1)
  9 rats
75 creatures vanquished.

Vanquished Creatures (others)
  4 demonic plants (D:1)
4 creatures vanquished.

Grand Total: 79 creatures vanquished

Notes
Turn   | Place    | Note
-------+----------+-------------------------------------------
     0 | D:1      | funkygono the Minotaur Fighter began the quest for the Orb.
     0 | D:1      | Reached XP level 1. HP: 19/19 MP: 0/0
   197 | D:1      | Reached XP level 2. HP: 27/27 MP: 1/1
   404 | D:1      | Reached XP level 3. HP: 33/33 MP: 2/2
   948 | D:2      | Reached skill level 3 in Axes
  1533 | D:3      | Reached XP level 4. HP: 35/40 MP: 3/3
  1564 | D:3      | Found a hazy altar of Hepliaklqana.
  1613 | D:3      | Found a faded altar of an unknown god.
  2062 | D:4      | Reached skill level 4 in Axes
  2068 | D:4      | Reached XP level 5. HP: 18/47 MP: 4/4
  2402 | D:4      | Found an iron altar of Okawaru.
  2464 | D:4      | Became a worshipper of Warmaster Okawaru
  2622 | D:4      | Found a shadowy altar of Dithmenos.
  2996 | D:5      | Entered Level 5 of the Dungeon
  3018 | D:5      | Reached skill level 5 in Axes
  3018 | D:5      | Reached skill level 5 in Armour
  3056 | D:5      | Noticed a phantom
  3064 | D:5      | Killed a phantom
  3065 | D:5      | Reached XP level 6. HP: 51/53 MP: 5/5
  3065 | D:5      | Noticed an ice beast
  3076 | D:5      | Killed an ice beast
  3083 | D:5      | Reached skill level 1 in Dodging
  3089 | D:5      | Reached skill level 6 in Axes
  3188 | D:5      | Noticed Dowan
  3190 | D:5      | Noticed Duvessa
  3192 | D:5      | Reached * piety under Okawaru
  3197 | D:5      | Reached skill level 5 in Fighting
  3200 | D:5      | Killed Dowan
  3201 | D:5      | Reached XP level 7. HP: 13/61 MP: 6/6
  3204 | D:5      | Slain by Duvessa

Illustrated notes

Levels and vault maps discovered:
D:1:      shiori_arrival_elements, layout_basic, corexii_corridor_pit,
          minmay_misc_feat_x, dreamdust_princess_corridor,
          minmay_split_cup_small
D:2:      layout_loops_ring
D:3:      layout_rooms, lemuel_tele_altar, basic_ecumenical_altar
D:4:      layout_basic, kennysheep_mini, old_standard_altar,
          minmay_misc_feat_cross
D:5:      layout_cave_pools, nicolae_overflow_two_pavilions, uniq_duvessa

Skill      XL: |  1  2  3  4  5  6 |
---------------+-------------------+-----
Fighting       | 4 5 |  5.0
Armour         | 4 5 |  5.9
Shields        | 4 |  4.7
Axes           | 3 4 5 6 |  6.2
Dodging        | 1 |  1.0
Stealth        | |  0.2

Action                     |  1- 3 |  4- 6 |  7- 9 || total
---------------------------+-------+-------+-------++-------
  Melee: War axe           |    83 |    68 |     1 ||   152
         Headbutt          |     9 |    12 |       ||    21
    Use: Scroll            |       |    12 |       ||    12
         Potion            |       |       |     2 ||     2
 Armour: Scale mail        |    17 |       |       ||    17
         Chain mail        |    24 |    45 |    11 ||    80
  Dodge: Dodged            |    37 |    30 |     7 ||    74
  Block: Buckler           |    13 |    18 |     4 ||    35

Table legend: (Time is in decaauts)
 A = Elapsed time spent in this place.
 B = Non-inter-level travel time spent in this place.
 C = Inter-level travel time spent in this place.
 D = Time resting spent in this place.
 E = Time spent auto-exploring this place.
 F = Levels seen in this place.
 G = Mean time per level.
                   A        B        C        D        E       F      G
               +--------+--------+--------+--------+--------+-----+--------+
         Total |   3255 |   3082 |    173 |      0 |   2492 |   5 |  651.0 |
       Dungeon |   3255 |   3082 |    173 |      0 |   2492 |   5 |  651.0 |
               +--------+--------+--------+--------+--------+-----+--------+

Top non-repeatable levels by time:
     D:4: 1024 daAuts
     D:1: 740 daAuts
     D:2: 713 daAuts
     D:3: 559 daAuts
     D:5: 217 daAuts
